 Dungeon Crawl Stone Soup version 0.27-a0-1177-g245c70e1c0 (webtiles) character file.

Game seed: 17789850851782649732

1153 DocEon the Stinger (level 8, 0/46 HPs)
             Began as an Octopode Venom Mage on May 16, 2021.
             Was a Follower of Yredelemnul.
             Slain by a phantom (3 damage)
             ... on level 6 of the Dungeon.
             The game lasted 00:17:08 (7673 turns).

DocEon the Stinger (Octopode Venom Mage)            Turns: 7673, Time: 00:17:08

Health: 0/46       AC:  1    Str:  7    XL:     8   Next: 38%
Magic:  14/14      EV: 14    Int: 19    God:    Yredelemnul [*.....]
Gold:   124        SH:  0    Dex: 13    Spells: 6/15 levels left

rFire    . . .     SeeInvis .   a - staff of poison
rCold    . . .     Faith    .   (no shield)
rNeg     . . .     Spirit   .   (helmet restricted)
rPois    +         Reflect  .   (no amulet)
rElec    .         Harm     .   d - ring of wizardry
rCorr    .         Rampage  .   (no ring)
Will     .....                  (no ring)
Stlth    ++++......             (no ring)
HPRegen  0.15/turn              (no ring)
MPRegen  0.14/turn              (no ring)
                                (no ring)
                                (no ring)

@: no status effects
A: almost no armour, amphibious, 8 rings, camouflage 1, gelatinous body 1,
(nimble swimmer 1), tentacles
a: Renounce Religion, Animate Remains


You were on level 6 of the Dungeon.
You worshipped Yredelemnul.
Yredelemnul was aware of your devotion.
You visited 1 branch of the dungeon, and saw 6 of its levels.

You collected 124 gold pieces.

Inventory:

Hand Weapons
 b - a +2 dagger of pain
 n - a +0 dagger
Magical Staves
 a - a staff of poison (weapon)
Jewellery
 d - a ring of wizardry (left tentacle)
Wands
 g - a wand of polymorph (5)
 i - a wand of charming (9)
 l - a wand of iceblast (8)
Potions
 c - a potion of brilliance {unknown}
 e - a potion of haste {unknown}
 f - 3 potions of magic {unknown}
 h - 2 potions of invisibility {unknown}
 j - a potion of curing
 k - a potion of heal wounds {unknown}
 o - a potion of cancellation {unknown}


   Skills:
 - Level 0.1 Fighting
 - Level 0.1 Short Blades
 + Level 4.2 Dodging
 + Level 6.0 Stealth
 - Level 0.1 Unarmed Combat
 + Level 4.1 Spellcasting
 + Level 3.1 Necromancy
 - Level 1.4 Transmutations
 * Level 7.8 Poison Magic
 - Level 0.8 Evocations


You had 6 spell levels left.
You knew the following spells:

 Your Spells              Type           Power      Damage    Failure   Level
a - Sting                 Tmut/Pois      100%       1d8       1%          1
b - Poisonous Vapours     Pois/Air       56%        N/A       1%          2
c - Mephitic Cloud        Conj/Pois/Air  20%        N/A       6%          3
d - Ignite Poison         Fire/Tmut/Pois 23%        N/A       4%          3

Your spell library contained the following spells:

 Spells                   Type           Power      Damage    Failure   Level
 Olgreb's Toxic Radiance  Pois           50%        N/A       2%          4


Dungeon Overview and Level Annotations

Branches:
Dungeon (6/15)
 Temple: D:4-7

Altars:
Ashenzari
Yredelemnul

Shops:
D:2 [

Annotations:
D:6 Edmund


Innate Abilities, Weirdness & Mutations

You cannot wear most types of armour.
You are amphibious.
You can wear up to eight rings at the same time.
Your skin changes colour to match your surroundings (Stealth+).
Your rubbery body absorbs attacks. (AC +1, EV +1)
((You are camouflaged near water. (Stealth+)))
You have tentacles for arms and can constrict up to eight enemies at once.


Message History

Confirm with . or Enter, or press ? or * to list all spells.
Okay, then.
Edmund the Younger comes into view.
He is wielding a +1 dire flail of protection.
A white imp comes into view.
The white imp moves out of view.
A gnoll comes into view. It is wielding a +0 spear.
A gnoll comes into view.
It is wielding a +0 flail. 2 gnolls come into view.
Found a war axe and 6 gold pieces.
A gnoll sergeant comes into view. It is wielding a +0 vampiric spear.
Found 16 bolts.
You see here 6 gold pieces.
An iguana and an orc priest come into view.
Found a quarterstaff.
Casting: Ignite Poison (dangerous; 4% risk of failure)
Confirm with . or Enter, or press ? or * to list all spells.
Okay, then.
Aiming: Charm
Press: ? - help, Shift-Dir - straight line, f - orc priest
Aim: an orc priest, wielding a +0 whip (asleep, chance to affect: 49%)
The orc priest shouts!
The orc priest resists with some effort.
You hear a shout! x2
Aiming: Charm
Press: ? - help, Shift-Dir - straight line, f/p - orc priest
Aim: an orc priest, wielding a +0 whip (chance to affect: 49%)
The orc priest resists with some effort.
The phantom barely misses you. 3 orcs and an orc priest come into view.
The orc priest hits you with a +0 whip.
* * * LOW HITPOINT WARNING * * *
An iguana comes into view.
Aiming: Charm
Press: ? - help, Shift-Dir - straight line, f/p - orc priest
Aim: an orc priest, wielding a +0 whip (chance to affect: 49%)
The orc priest resists with some effort.
The iguana hisses angrily.
You hear an angry growl.
The orc priest barely misses you. The phantom hits you.
You die...
Your body rises from the dead as a mindless zombie.

#### ##.#######
#.. ..)..lo@.# #.#
#.o..o##W###.#####
#oo.. #.g.......#
.l#. #####.###.# .
# #.# #.# #
#.###.###.#
#.(..g....#
##.##$.####
#.##..#


You could see a phantom, 2 iguanas, 2 orc priests, a gnoll and 3 orcs.

Vanquished Creatures
  Eustachio (D:4)
  A water moccasin (D:5)
  A black bear (D:5)
  2 ogres (D:5)
  A bullfrog (D:4)
  An elf zombie (D:5)
  A water moccasin skeleton (D:5)
  A hound (D:5)
  A jelly (D:5)
  2 iguanas (D:5)
  Jessica (D:3)
  Ijyb (D:3)
  An orc wizard (D:4)
  6 adders
  7 gnolls
  An ufetubus (D:5)
  4 worms
  6 dart slugs
  9 orcs
  6 bats
  8 endoplasms
  14 giant cockroaches
  7 goblins
  8 hobgoblins
  7 jackals
  4 quokkas
  3 ball pythons
  3 frilled lizards (D:1)
  9 kobolds
  2 orc skeletons (D:5)
  8 rats
127 creatures vanquished.

Notes
Turn   | Place    | Note
-------+----------+-------------------------------------------
     0 | D:1      | DocEon the Octopode Venom Mage began the quest for the Orb.
     0 | D:1      | Reached XP level 1. HP: 11/11 MP: 3/3
   208 | D:1      | Reached XP level 2. HP: 17/17 MP: 3/5
   261 | D:1      | Reached skill level 4 in Poison Magic
   407 | D:1      | Found a faded altar of an unknown god.
   613 | D:1      | Reached XP level 3. HP: 5/21 MP: 0/6
  1167 | D:2      | Learned a level 2 spell: Poisonous Vapours
  1171 | D:2      | Learned a level 3 spell: Mephitic Cloud
  1187 | D:2      | Found a basalt altar of Yredelemnul.
  1474 | D:2      | HP: 1/21 [poisoned by an adder]
  1779 | D:2      | Reached XP level 4. HP: 27/27 MP: 2/7
  2228 | D:2      | Reached skill level 5 in Poison Magic
  2479 | D:2      | Found Akoklaew's Antique Armour Boutique.
  2652 | D:2      | Reached XP level 5. HP: 31/31 MP: 2/9
  2946 | D:2      | Became a worshipper of Yredelemnul the Dark
  3482 | D:3      | Noticed Ijyb
  3492 | D:3      | Killed Ijyb
  4031 | D:3      | Found a broken altar of Ashenzari.
  4410 | D:3      | Noticed Jessica
  4414 | D:3      | Killed Jessica
  4415 | D:3      | Reached XP level 6. HP: 30/36 MP: 1/10
  4817 | D:4      | Learned a level 3 spell: Ignite Poison
  4974 | D:4      | Reached * piety under Yredelemnul
  5303 | D:4      | Reached skill level 1 in Necromancy
  5303 | D:4      | Reached skill level 6 in Poison Magic
  5846 | D:5      | Entered Level 5 of the Dungeon
  5897 | D:5      | Noticed Eustachio
  5920 | D:5      | Noticed a water moccasin
  6033 | D:5      | Noticed a black bear
  6113 | D:5      | Reached XP level 7. HP: 41/41 MP: 1/12
  6376 | D:5      | Reached skill level 5 in Stealth
  6551 | D:5      | Reached skill level 7 in Poison Magic
  6678 | D:4      | Killed Eustachio
  6679 | D:4      | Reached XP level 8. HP: 46/46 MP: 3/13
  7619 | D:6      | HP: 1/46 [phantom (9)]
  7643 | D:6      | Noticed Edmund
  7672 | D:6      | HP: 2/46 [orc priest/+0 whip (6)]
  7673 | D:6      | Slain by a phantom

Illustrated notes

Levels and vault maps discovered:
D:1:      minmay_arrival_loop, layout_loops_cross,
          hellmonk_ecumenical_altar_heavens_door, minmay_misc_feat_hallway
D:2:      minmay_roachtagon, layout_loops_ring, serial_shops,
          nicolae_shop_stone, basic_altar
D:3:      layout_basic, evilmike_ruin_ashenzari, uniq_jessica, uniq_ijyb
D:4:      layout_loops_cross, grunt_decor_resistance
D:5:      layout_gridville, kennysheep_mini, nicolae_ossuary_entry_catacombs,
          kennysheep_donut, chequers_serial_rivers_room_a,
          kennysheep_generic_room_3, uniq_eustachio
D:6:      layout_loops_corners, minmay_temple_entry_overgrown, uniq_edmund,
          uniq_maggie

Skill      XL: |  1  2  3  4  5  6  7  8 |
---------------+-------------------------+-----
Poison Magic   | 4 5 6 7 |  7.8
Stealth        | 3 4 5 6 |  6.0
Spellcasting   | 3 4 |  4.1
Dodging        | 3 4 |  4.2
Necromancy     | 1 2 3 |  3.1
Fighting       | |  0.1
Short Blades   | |  0.1
Unarmed Combat | |  0.1
Transmutations | |  1.4
Evocations     | |  0.8

Action                   |  1- 3 |  4- 6 |  7- 9 || total
-------------------------+-------+-------+-------++-------
Melee: Unarmed           |     8 |       |       ||     8
       Constrict         |    11 |     8 |     3 ||    22
       Tentacles         |    12 |     9 |     1 ||    22
       Dagger            |    28 |    34 |       ||    62
       Staff             |       |       |    18 ||    18
 Cast: Sting             |    50 |    17 |       ||    67
       Poisonous Vapours |       |   105 |    36 ||   141
       Mephitic Cloud    |       |     2 |     5 ||     7
       Ignite Poison     |       |     2 |     5 ||     7
Evoke: Wand              |       |     1 |     6 ||     7
  Use: Scroll            |       |     7 |       ||     7
       Potion            |       |       |     1 ||     1
 Stab: Sleeping          |       |     2 |     1 ||     3
Armor: Skin              |     9 |     2 |     1 ||    12
Dodge: Dodged            |    49 |    32 |    19 ||   100

Table legend: (Time is in decaauts)
 A = Elapsed time spent in this place.
 B = Non-inter-level travel time spent in this place.
 C = Inter-level travel time spent in this place.
 D = Time resting spent in this place.
 E = Time spent auto-exploring this place.
 F = Levels seen in this place.
 G = Mean time per level.
                   A        B        C        D        E       F      G
               +--------+--------+--------+--------+--------+-----+--------+
         Total |   7662 |   7411 |    251 |   2990 |   3054 |   6 | 1277.0 |
       Dungeon |   7662 |   7411 |    251 |   2990 |   3054 |   6 | 1277.0 |
               +--------+--------+--------+--------+--------+-----+--------+

Top non-repeatable levels by time:
     D:2: 2134 daAuts
     D:4: 1771 daAuts
     D:5: 1326 daAuts
     D:3: 1241 daAuts
     D:1: 1133 daAuts
     D:6: 55 daAuts
